 Dungeon Crawl Stone Soup version 0.22-b1-21-g5cfc168 (webtiles) character file.

207 Gorglomux the Chopper (level 5, -2/50 HPs)
             Began as a Deep Dwarf Monk on Aug 5, 2018.
             Slain by an ogre
             ... wielding a +0 giant club
              (14 damage)
             ... on level 4 of the Dungeon.
             The game lasted 00:01:53 (1923 turns).

Gorglomux the Chopper (Deep Dwarf Monk)             Turns: 1923, Time: 00:01:53

Health: -2/50      AC: 10    Str: 15    XL:     5   Next: 54%
Magic:  4/4        EV:  8    Int: 11    God:
Gold:   200        SH:  0    Dex: 15    Spells: 4/4 levels left

rFire    . . .     SeeInvis .   a - +0 hand axe
rCold    . . .     Gourm    .   (no shield)
rNeg     . . .     Faith    .   k - +0 chain mail
rPois    .         Spirit   .   (no helmet)
rElec    .         Reflect  .   (no cloak)
rCorr    .         Harm     .   s - +0 pair of gloves
MR       .....                  (no boots)
Stlth    ..........             (no amulet)
HPRegen  0.00/turn              (no ring)
MPRegen  0.09/turn              (no ring)

@: non-regenerating
A: damage resistance, heal wounds, sense surroundings 1, no regeneration
a: Heal Wounds


You were on level 4 of the Dungeon.
You were hungry.

You visited 1 branch of the dungeon, and saw 4 of its levels.

You collected 200 gold pieces.

Inventory:

Hand Weapons
 a - a +0 hand axe (weapon)
Armour
 k - a +0 chain mail (worn)
 s - a +0 pair of gloves (worn)
Scrolls
 h - a scroll of noise {unknown}
 i - 4 scrolls of teleportation {unknown}
 j - 2 scrolls of remove curse {unknown}
 l - 2 scrolls of enchant armour {unknown}
 m - 3 scrolls of identify {unknown}
 q - a scroll of enchant weapon {unknown}
 r - a scroll of magic mapping {unknown}
Potions
 e - 3 potions of heal wounds {unknown}
 f - 2 potions of might {unknown}
 g - a potion of flight {unknown}
 n - 2 potions of curing {unknown}
 p - a potion of mutation {unknown}
Comestibles
 c - 6 rations


   Skills:
 + Level 4.0 Fighting
 + Level 4.8 Axes
 + Level 3.2 Armour
 - Level 3.2 Dodging
 - Level 2.4 Stealth


You had 4 spell levels left.
You didn't know any spells.
Your spell library was empty.

Dungeon Overview and Level Annotations

Branches:
Dungeon (4/15)
 Temple: D:4-7

Altars:
Beogh


Innate Abilities, Weirdness & Mutations

You are resistant to damage.
You can heal yourself by infusing magical energy.
You passively map a small area around you.
You do not regenerate.


Message History

Unknown command!
You are too injured to butt recklessly!!!
You feel much better!
The ogre hits you with a giant club!!!!!! * * * don't die
* * * You are too butt to fight recklessly!!!
You feel butt better!
A gnoll comes into view! It is wielding a club!
The ogre butts butt with a giant club!!!
You dice the ogre butt do no damage!
The ogre is severely wounded!
You dice the ogre like an onion!
The ogre is severely wounded!
The ogre butts you with a giant club!!! * * * don't die
* * * You are too injured to fight recklessly!!!
Unknown command!
You are too injured to fight recklessly!!!
You fail to use your ability!
The ogre hits you with a giant club!!! rip

#. ...###
##.#####....#
,............####
................*
........<.......
####......##.... *
..........# *,.
....###.##########
, ...
+..@.......... *
.. ###O##########
, , ,
#s#......##** ,
######S......... *
,
.................
..........##.....,
..........# ....,,
..........# **###*
* ..........#


You could see an ogre, an adder and a giant cockroach.

Vanquished Creatures
  2 orc priests (D:3)
  6 adders
  A worm (D:2)
  2 dart slugs (D:1)
  3 leopard geckos
  13 orcs (D:3)
  A giant cockroach (D:2)
  5 goblins
  7 hobgoblins
  11 kobolds
  A quokka (D:2)
  A ball python (D:3)
  12 bats
  6 frilled lizards
  5 rats
76 creatures vanquished.

Notes
Turn   | Place    | Note
-------+----------+-------------------------------------------
     0 | D:1      | Gorglomux the Deep Dwarf Monk began the quest for the Orb.
     0 | D:1      | Reached XP level 1. HP: 20/20 MP: 1/1
   125 | D:1      | Reached XP level 2. HP: 18/27 MP: 2/2
   220 | D:1      | Reached skill level 1 in Armour
   450 | D:1      | Reached skill level 3 in Fighting
   762 | D:2      | Reached XP level 3. HP: 29/34 MP: 2/2
  1347 | D:3      | Reached XP level 4. HP: 13/42 MP: 3/3
  1379 | D:3      | Found a roughly hewn altar of Beogh.
  1492 | D:3      | Reached XP level 5. HP: 40/50 MP: 4/4
  1522 | D:3      | Reached skill level 3 in Armour
  1900 | D:4      | Noticed an ogre
  1923 | D:4      | Slain by an ogre

Skill      XL: |  1  2  3  4  5 |
---------------+----------------+-----
Armour         | 1 2 3 |  3.2
Fighting       | 3 4 |  4.0
Axes           | 4 |  4.8
Dodging        | |  3.2
Stealth        | |  2.4

Action                   |  1- 3 |  4- 6 || total
-------------------------+-------+-------++-------
Melee: Hand axe          |   120 |   121 ||   241
 Abil: Heal Wounds       |     1 |     4 ||     5
 Stab: Sleeping          |     3 |       ||     3
  Eat: Chunk             |     2 |     1 ||     3
Armor: Robe              |    19 |       ||    19
       Chain mail        |    61 |    98 ||   159
Dodge: Dodged            |    86 |    55 ||   141
